 Dungeon Crawl Stone Soup version 0.27-a0-1090-gb115f176c6 (webtiles) character file.

Game seed: 405092771192541038

67 1player the Bolt Thrower (level 4, -7/28 HPs)
             Began as a Kobold Hunter on Apr 27, 2021.
             Mangled by an iguana (11 damage)
             ... on level 3 of the Dungeon.
             The game lasted 00:03:21 (2093 turns).

1player the Bolt Thrower (Kobold Hunter)            Turns: 2093, Time: 00:03:22

Health: -7/28      AC:  3    Str:  9    XL:     4   Next: 40%
Magic:  4/4        EV: 15    Int: 12    God:
Gold:   79         SH:  0    Dex: 16    Spells: 3/3 levels left

rFire    . . .     SeeInvis .   a - +1 hand crossbow
rCold    . . .     Faith    .   (shield restricted)
rNeg     . . .     Spirit   .   c - +0 leather armour
rPois    .         Reflect  .   (no helmet)
rElec    .         Harm     .   (no cloak)
rCorr    .         Rampage  .   (no gloves)
Will     .....                  (no boots)
Stlth    +++.......             (no amulet)
HPRegen  0.09/turn              (no ring)
MPRegen  0.09/turn              (no ring)

@: no status effects
A: small, no large weapons, nightstalker 3
a: no special abilities


You were on level 3 of the Dungeon.
You visited 1 branch of the dungeon, and saw 3 of its levels.

You collected 79 gold pieces.

Inventory:

Hand Weapons
 a - a +1 hand crossbow (weapon)
 b - a +0 short sword
Missiles
 d - 22 bolts (quivered ammo)
 g - 4 atropa-tipped darts
 m - 23 poisoned darts
Armour
 c - a +0 leather armour (worn)
Jewellery
 j - a +6 ring of dexterity
 l - a ring of see invisible
Scrolls
 f - a scroll of magic mapping {unknown}
 h - a scroll of teleportation {unknown}
 k - a scroll of noise {unknown}
Potions
 e - 3 potions of haste {unknown}
 i - a potion of curing {unknown}
 n - a potion of lignification {unknown}


   Skills:
 + Level 3.0 Fighting
 + Level 5.4 Crossbows
 + Level 3.2 Dodging
 + Level 3.0 Stealth


You had 3 spell levels left.
You didn't know any spells.
Your spell library was empty.

Dungeon Overview and Level Annotations

Branches:
Dungeon (3/15)

Altars:

Annotations:
D:3 Grinder


Innate Abilities, Weirdness & Mutations

You are small and have problems with some larger weapons.
You are completely attuned to the shadows.


Message History

There is a stone staircase leading up here.
a - a +1 hand crossbow (weapon)
An iguana and a ball python come into view.
You shoot a bolt. The iguana hisses angrily.
The ball python hisses angrily.
The bolt hits the ball python!
You kill the ball python!
Grinder comes into view.
b - a +0 short sword (weapon)
Found a stone staircase leading up.
There is a stone staircase leading up here.
a - a +1 hand crossbow (weapon)
You shoot a bolt. The bolt barely misses the iguana.
The iguana hisses angrily.
You shoot a bolt. The bolt closely misses the iguana.
b - a +0 short sword (weapon)
Okay, then.
a - a +1 hand crossbow (weapon)
You shoot a bolt. The bolt hits the iguana!
The iguana is heavily wounded.
The iguana bites you. The iguana misses you.
You shoot a bolt. The bolt barely misses the iguana.
The iguana barely misses you.
You shoot a bolt. The bolt hits the iguana.
The iguana is severely wounded.
The iguana barely misses you.
You shoot a bolt. The bolt closely misses the iguana.
The iguana bites you!
You shoot a bolt. The bolt barely misses the iguana.
The iguana completely misses you.
A gnoll comes into view. It is wielding a +0 flail.
You shoot a bolt. The gnoll shouts!
The bolt hits the iguana but does no damage.
The iguana is severely wounded.
The iguana bites you!
* * * LOW HITPOINT WARNING * * *
The iguana bites you but does no damage.
Unknown command.
The iguana bites you!
You die...

###############.# #.#
### #.# #.### #.#
#..<#### #.# #.#....#
#.# # ###.####.# #.# #.
#...# #.### #.##
#.###@### #...## #.#.
#...l.# ###..###.#.
###.### ##..##... ###g#
##.#.... #...#
####...#.. #.#(.##
##......#..
###.##..######..####.#..
###...###.##.....##
#.... #........((..#####
###.


You could see an iguana and a gnoll.

Vanquished Creatures
  An adder (D:3)
  A gnoll (D:2)
  A worm (D:2)
  A dart slug (D:3)
  2 endoplasms (D:1)
  A giant cockroach (D:2)
  2 hobgoblins (D:1)
  5 jackals (D:1)
  6 kobolds
  A quokka (D:1)
  4 ball pythons
  5 bats
  3 frilled lizards (D:1)
  5 goblins
  A rat (D:1)
39 creatures vanquished.

Notes
Turn   | Place    | Note
-------+----------+-------------------------------------------
     0 | D:1      | 1player the Kobold Hunter began the quest for the Orb.
     0 | D:1      | Reached XP level 1. HP: 12/12 MP: 1/1
   116 | D:1      | Reached XP level 2. HP: 18/18 MP: 2/2
   137 | D:1      | Reached skill level 5 in Crossbows
   564 | D:1      | Reached XP level 3. HP: 22/22 MP: 3/3
   571 | D:1      | Found a faded altar of an unknown god.
  1785 | D:3      | Reached XP level 4. HP: 20/27 MP: 4/4
  2033 | D:3      | Noticed Grinder
  2093 | D:3      | Mangled by an iguana

Illustrated notes

Levels and vault maps discovered:
D:1:      wander_arrival_chamber, layout_loops_ring,
          ebering_ecumenical_altar_mist
D:2:      layout_rooms, serial_glass, glass_columns_a, glass_columns_c
D:3:      layout_rooms, nicolae_overflow_hidden_temple,
          nemelex_diamond_rough_becter, uniq_ijyb, uniq_grinder

Skill      XL: |  1  2  3  4 |
---------------+-------------+-----
Crossbows      | 5 |  5.4
Stealth        | 2 3 |  3.0
Dodging        | 3 |  3.2
Fighting       | 3 |  3.0

Action                   |  1- 3 |  4- 6 || total
-------------------------+-------+-------++-------
Melee: Short sword       |    56 |     6 ||    62
 Fire: Hand crossbow     |    39 |    12 ||    51
 Stab: Sleeping          |     2 |       ||     2
Armor: Leather armour    |    22 |     1 ||    23
Dodge: Dodged            |    54 |     9 ||    63

Table legend: (Time is in decaauts)
 A = Elapsed time spent in this place.
 B = Non-inter-level travel time spent in this place.
 C = Inter-level travel time spent in this place.
 D = Time resting spent in this place.
 E = Time spent auto-exploring this place.
 F = Levels seen in this place.
 G = Mean time per level.
                   A        B        C        D        E       F      G
               +--------+--------+--------+--------+--------+-----+--------+
         Total |   2096 |   2043 |     53 |    448 |   1282 |   3 |  698.7 |
       Dungeon |   2096 |   2043 |     53 |    448 |   1282 |   3 |  698.7 |
               +--------+--------+--------+--------+--------+-----+--------+

Top non-repeatable levels by time:
     D:1: 1265 daAuts
     D:2: 665 daAuts
     D:3: 165 daAuts
